 Dungeon Sprint DCSS version 0.30-a0-177-g1cb5dbfd7a (webtiles) character file.

Game seed: 5632182045972306389

12555 mhtbhm the Sorcerer (level 11, -12/49 HPs)
             Began as a Spriggan Earth Elementalist on Oct 3, 2022.
             Was the Champion of Vehumet.
             Killed from afar by a deep elf zephyrmancer (29 damage)
             ... with a bolt of lightning
             ... in the Dungeon (Sprint III: "The Ten Rune Challenge").
             The game lasted 00:15:56 (3560 turns).

mhtbhm the Sorcerer (Spriggan Earth Elementalist)   Turns: 3560, Time: 00:15:56

Health: -12/49     AC:  4    Str:  4    XL:     11   Next: 64%
Magic:  22/37      EV: 21    Int: 21    God:    Vehumet [******]
Gold:   2744       SH:  0    Dex: 16    Spells: 36/53 levels left

rFire   + . .      SeeInvis +    c - +2 short sword (speed)
rCold   + . .      Faith    .    (no shield)
rNeg    . . .      Spirit   .    a - +2 robe {rC+ rF+}
rPois   .          Reflect  .    (helmet restricted)
rElec   .          Harm     .    (no cloak)
rCorr   .          Rampage  .    (gloves unavailable)
Will    ++...      NoTele   +    (boots unavailable)
Stlth   +++.......               (no amulet)
HPRegen 1.08/turn                (no ring)
MPRegen 0.25/turn                (no ring)

@: very quick
A: very small, no large weapons, unfitting armour, see invisible, speed 3,
strong-willed 1, regeneration 1
a: Renounce Religion


You were in the Dungeon.
You worshipped Vehumet.
Vehumet was exalted by your worship.
You visited 1 branch You collected 2744 gold pieces.

Inventory:

Hand Weapons
 c - a +2 short sword of speed (weapon)
Armour
 a - a +2 robe of resistance (worn)
Scrolls
 g - a scroll of blinking
 i - a scroll of poison
 k - 2 scrolls of torment
Potions
 b - 2 potions of magic
 f - 2 potions of berserk rage
 l - a potion of flight
 m - 2 potions of mutation
Miscellaneous
 d - a tin of tremorstones (1/2)


   Skills:
 + Level 1.4 Fighting
 + Level 7.1 Dodging
 + Level 6.7 Stealth
 + Level 21.8 Spellcasting
 + Level 9.2 Conjurations
 + Level 3.8 Transmutations
 + Level 16.8 Earth Magic
 + Level 1.7 Evocations


You had 36 spell levels left.
You knew the following spells:

 Your Spells              Type           Power      Damage    Failure   Level
a - Sandblast             Erth           100%       2d20      0%          1
b - Passwall              Tmut/Erth      50%        N/A       1%          2
c - Stone Arrow           Conj/Erth      100%       3d13      1%          3
d - Petrify               Tmut/Erth      60%        N/A       1%          4
e - Ozocubu's Refrigerat  Ice            11%        4d9       97%         7

Your spell library contained the following spells:

 Spells                   Type           Power      Damage    Failure   Level
 Apportation              Tloc           44%        N/A       1%          1
 Alistair's Intoxication  Tmut/Pois      20%        N/A       24%         5


Dungeon Overview and Level Annotations

Branches:
Dungeon (1/1)

Altars:
Cheibriados
Elyvilon
Fedhas
Gozag
Hepliaklqana
Kikubaaqudgha
Makhleb
Nemelex Xobeh
Okawaru
Qazlal
Sif Muna
Trog
Uskayaw
Vehumet
Wu Jian
Xom
Zin
The Shining One
Jiyva
Lugonu

Shops:
D [

Annotations:
D Donald, Frances


Innate Abilities, Weirdness & Mutations

You are very small and have problems with some larger weapons.
You are too small for most types of armour.
You have supernaturally acute eyesight. (SInv)
You cover ground extremely quickly. (Speed+++)
You are strong-willed. (Will+)
Your natural rate of healing is unusually fast.


Message History

Unknown command.
Unknown command.
Okay, then.
Casting: Stone Arrow (safe; 1% risk of failure)
Confirm with . or Enter, or press ? or * to list all spells.
Okay, then.
Casting: Stone Arrow (safe; 1% risk of failure)
Confirm with . or Enter, or press ? or * to list all spells.
Aiming: Stone Arrow (safe; 1% risk of failure)
Press: ? - help, Shift-Dir - straight line, f/p - deep elf zephyrmancer
Aim: a deep elf zephyrmancer, wielding a +0 long sword and wearing a +0 scale mail (lightly wounded, 72% to hit)
The stone arrow hits the deep elf zephyrmancer!
The deep elf zephyrmancer is heavily wounded.
The deep elf zephyrmancer gestures at you while chanting.
The bolt of lightning misses you. x2
Unknown command.
Unknown command.
Casting: Stone Arrow (safe; 1% risk of failure)
Confirm with . or Enter, or press ? or * to list all spells.
Aiming: Stone Arrow (safe; 1% risk of failure)
Press: ? - help, Shift-Dir - straight line, f/p - deep elf zephyrmancer
Aim: a deep elf zephyrmancer, wielding a +0 long sword and wearing a +0 scale mail (heavily wounded, 72% to hit)
The stone arrow misses the deep elf zephyrmancer.
The stone arrow misses the deep elf pyromancer.
The deep elf zephyrmancer casts a spell at you.
The bolt of lightning misses you. The bolt of lightning hits you!!
Ouch! That really hurt!
Unknown command.
Unknown command.
Casting: Stone Arrow (safe; 1% risk of failure)
Confirm with . or Enter, or press ? or * to list all spells.
Aiming: Sandblast (safe; 0% risk of failure)
Press: ? - help, Shift-Dir - straight line, f/p - deep elf zephyrmancer
Aim: a deep elf zephyrmancer, wielding a +0 long sword and wearing a +0 scale mail (heavily wounded, 82% to hit)
The blast of sand misses the deep elf zephyrmancer.
The blast of sand hits the deep elf pyromancer but does no damage.
The deep elf zephyrmancer casts a spell at you.
The bolt of lightning hits you!!
Ouch! That really hurt!
You die...

▓▓▓▓▓▓▓▓▓▓▓▓ ##
#.#.#.#.##.####### _#
#.#∩..).#..'.#...# )
#...).....##.#...##≈
##+##..)..)..###@#...≈≈≈
....#.)...)....#e#e..##≈
.)))#.#)###.#..#eee..#
###)#)##....##########
#...#)###########################
#.[.#.)§~§'.#)')..'.#.#.#.'...~≈#
#...#.#§§~#.#.#...##.#.#.##†..~≈#
#...).#§§.#.#.#...#.#.#.#.#...~≈≈
'...#.#§§§#...#...##.#.#.##...~~~


You could see 2 deep elf pyromancers and 3 deep elf zephyrmancers.

Vanquished Creatures
  Josephine (D)
  2 hydras (D)
  A centaur warrior (D)
  Urug (D)
  An orc high priest (D)
  A lindwurm (D)
  An orc knight (D)
  A deep elf pyromancer (D)
  2 orc sorcerers (D)
  A rime drake (D)
  An unseen horror (D)
  2 cane toads (D)
  A komodo dragon (D)
  3 wandering mushrooms (D)
  2 tyrant leeches (D)
  A queen bee (D)
  5 blink frogs (D)
  A shadow (D)
  3 redbacks (D)
  A spatial vortex (D)
  4 orc warriors (D)
  A swamp drake (D)
  2 centaurs (D)
  An earth elemental (D)
  A water elemental (D)
  A scorpion (D)
  32 killer bees (D)
  An electric eel (D)
  3 orc priests (D)
  A jelly (D)
  Jessica (D)
  A wizard (D)
  3 humans (D)
  A kobold demonologist (D)
  7 orcs (D)
  2 rats (D)
94 creatures vanquished.

Vanquished Creatures (others)
  3 plants (D)
3 creatures vanquished.

Grand Total: 97 creatures vanquished

Notes
Turn   | Place    | Note
-------+----------+-------------------------------------------
     0 | D        | mhtbhm the Spriggan Earth Elementalist began the quest for
                  | the Orb.
     0 | D        | Reached XP level 1. HP: 9/9 MP: 5/5
    54 | D        | Noticed Jessica
    60 | D        | Killed Jessica
    61 | D        | Reached skill level 4 in Spellcasting
    61 | D        | Reached skill level 5 in Earth Magic
    61 | D        | Reached XP level 2. HP: 13/13 MP: 0/8
   162 | D        | Learned a level 2 spell: Passwall
   188 | D        | Gained mutation: You sometimes lose your temper in combat.
                  | [potion of mutation]
   188 | D        | Gained mutation: Armour fits poorly on your strangely
                  | shaped body. [potion of mutation]
   189 | D        | Lost mutation: Armour fits poorly on your strangely shaped
                  | body. [potion of mutation]
   189 | D        | Lost mutation: You sometimes lose your temper in combat.
                  | [potion of mutation]
   189 | D        | Gained mutation: You have hidden genetic potential. [potion
                  | of mutation]
   194 | D        | Noticed a scorpion
   204 | D        | Reached XP level 3. HP: 16/16 MP: 2/10
   273 | D        | Learned a level 3 spell: Stone Arrow
   286 | D        | Killed a scorpion
   287 | D        | Reached skill level 6 in Spellcasting
   287 | D        | Reached XP level 4. HP: 4/21 MP: 7/13
   301 | D        | Gained mutation: Your natural rate of healing is unusually
                  | fast. [hidden potential]
   338 | D        | Learned a level 4 spell: Petrify
   339 | D        | Noticed a water elemental
   364 | D        | Killed a water elemental
   365 | D        | Reached skill level 7 in Spellcasting
   365 | D        | Reached XP level 5. HP: 24/24 MP: 8/16
   439 | D        | Found a radiant altar of Vehumet.
   439 | D        | Found a shimmering blue altar of Sif Muna.
   439 | D        | Found an ancient bone altar of Kikubaaqudgha.
   441 | D        | Reached skill level 8 in Spellcasting
   443 | D        | Reached skill level 5 in Stealth
   452 | D        | Became a worshipper of Vehumet
   459 | D        | Gained mutation: You are strong-willed. (Will+) [hidden
                  | potential]
   459 | D        | Lost mutation: You have hidden genetic potential. [hidden
                  | potential expressed]
   484 | D        | Found a hide-covered altar of Uskayaw.
   484 | D        | Found an iron altar of Okawaru.
   484 | D        | Found a bloodstained altar of Trog.
   484 | D        | Found an ornate altar of the Wu Jian Council.
   484 | D        | Noticed a human
   484 | D        | Noticed a human
   499 | D        | Killed a human
   500 | D        | Reached skill level 10 in Spellcasting
   500 | D        | Reached XP level 6. HP: 29/29 MP: 13/20
   501 | D        | Killed a human
   502 | D        | Reached skill level 5 in Dodging
   502 | D        | Reached skill level 11 in Spellcasting
   574 | D        | Found a glowing silver altar of Zin.
   574 | D        | Found a glowing golden altar of the Shining One.
   574 | D        | Found a white marble altar of Elyvilon.
   574 | D        | Noticed a deep elf pyromancer
   576 | D        | Killed a deep elf pyromancer
   576 | D        | Reached * piety under Vehumet
   576 | D        | Offered knowledge of Shock by Vehumet.
   577 | D        | Reached skill level 13 in Spellcasting
   577 | D        | Reached XP level 7. HP: 13/32 MP: 17/24
   642 | D        | Noticed a shadow
   649 | D        | Killed a shadow
   650 | D        | Reached XP level 8. HP: 37/37 MP: 18/26
   699 | D        | Found a blossoming altar of Fedhas.
   699 | D        | Found a stormy altar of Qazlal.
   699 | D        | Found a snail-covered altar of Cheibriados.
   699 | D        | Found a burning altar of Makhleb.
   699 | D        | Found a shimmering altar of Xom.
   701 | D        | Found a hazy altar of Hepliaklqana.
   701 | D        | Found an opulent altar of Gozag.
   701 | D        | Found a sparkling altar of Nemelex Xobeh.
   701 | D        | Found a corrupted altar of Lugonu.
   701 | D        | Found a viscous altar of Jiyva.
   704 | D        | Reached ** piety under Vehumet
   705 | D        | Reached skill level 14 in Spellcasting
   705 | D        | Reached skill level 1 in Conjurations
   779 | D        | Noticed Josephine
   785 | D        | Killed Josephine
   785 | D        | Offered knowledge of Searing Ray by Vehumet.
   786 | D        | Reached skill level 1 in Fighting
   786 | D        | Reached skill level 15 in Spellcasting
  1105 | D        | Noticed a centaur warrior
  1109 | D        | Offered knowledge of Ignite Poison by Vehumet.
  1111 | D        | Reached *** piety under Vehumet
  1112 | D        | Reached skill level 16 in Spellcasting
  1112 | D        | Reached XP level 9. HP: 38/41 MP: 21/30
  1115 | D        | Killed a centaur warrior
  1328 | D        | Noticed an unseen horror
  1334 | D        | Killed an unseen horror
  1334 | D        | Offered knowledge of Hailstorm by Vehumet.
  1335 | D        | Reached skill level 17 in Spellcasting
  1369 | D        | Noticed a wandering mushroom
  1373 | D        | Noticed a wandering mushroom
  1376 | D        | Killed a wandering mushroom
  1378 | D        | Noticed a wandering mushroom
  1382 | D        | Killed a wandering mushroom
  1382 | D        | Reached **** piety under Vehumet
  1387 | D        | Killed a wandering mushroom
  1388 | D        | Reached skill level 5 in Conjurations
  1488 | D        | Noticed a cane toad
  1488 | D        | Noticed a komodo dragon
  1488 | D        | Noticed a cane toad
  1498 | D        | Killed a cane toad
  1498 | D        | Offered knowledge of Fulminant Prism by Vehumet.
  1504 | D        | Killed a cane toad
  1505 | D        | Reached skill level 18 in Spellcasting
  1505 | D        | Reached XP level 10. HP: 45/45 MP: 17/33
  1591 | D        | Reached ***** piety under Vehumet
  1733 | D        | Offered knowledge of Airstrike by Vehumet.
  1857 | D        | Noticed a lindwurm
  1862 | D        | Killed a lindwurm
  1863 | D        | Reached skill level 19 in Spellcasting
  1899 | D        | Reached skill level 15 in Earth Magic
  1902 | D        | Noticed Urug
  1917 | D        | Killed Urug
  2076 | D        | Noticed a four-headed hydra
  2076 | D        | Noticed an eight-headed hydra
  2116 | D        | Killed an eight-headed hydra
  2139 | D        | Killed a four-headed hydra
  2140 | D        | Reached skill level 20 in Spellcasting
  2209 | D        | Noticed a death drake
  2360 | D        | Offered knowledge of Conjure Ball Lightning by Vehumet.
  2363 | D        | Reached XP level 11. HP: 49/49 MP: 24/36
  2570 | D        | Noticed Donald
  2570 | D        | Noticed Frances
  2599 | D        | Found Niclen's Armour Emporium.
  2602 | D        | Noticed an orc knight
  2602 | D        | Noticed an orc sorcerer
  2602 | D        | Noticed an orc high priest
  2602 | D        | Noticed an orc sorcerer
  2603 | D        | Offered knowledge of Iskenderun's Battlesphere by Vehumet.
  2604 | D        | Reached ****** piety under Vehumet
  2619 | D        | Killed an orc knight
  2628 | D        | Killed an orc sorcerer
  2637 | D        | Killed an orc sorcerer
  2638 | D        | Reached skill level 21 in Spellcasting
  2641 | D        | Reached skill level 1 in Evocations
  2646 | D        | Killed an orc high priest
  2792 | D        | Offered knowledge of Yara's Violent Unravelling by Vehumet.
  3061 | D        | Offered knowledge of Freezing Cloud by Vehumet.
  3240 | D        | Offered knowledge of Ozocubu's Refrigeration by Vehumet.
  3402 | D        | Learned a level 7 spell: Ozocubu's Refrigeration
  3547 | D        | Noticed a deep elf pyromancer
  3547 | D        | Noticed a deep elf pyromancer
  3547 | D        | Noticed a deep elf zephyrmancer
  3547 | D        | Noticed a deep elf zephyrmancer
  3547 | D        | Noticed a deep elf zephyrmancer
  3560 | D        | Killed from afar by a deep elf zephyrmancer

Illustrated notes

Levels and vault maps discovered:
D:        dungeon_sprint_mu [sprint_mu_entry_cave, sprint_mu_temple_rooms,
          sprint_mu_d1_horrors, sprint_mu_d2_genie, sprint_mu_d3_branching,
          sprint_mu_orc_legion, sprint_mu_elf_gauntlet, sprint_mu_hive_nellie,
          sprint_mu_lair_fedhas, sprint_mu_vaults_butterflies,
          sprint_mu_slime_circle, sprint_mu_swamp_cave, sprint_mu_snake_twists,
          sprint_mu_blade_basic, sprint_mu_crypt_lich, sprint_mu_tomb_spiral,
          sprint_mu_vestibule_basic, sprint_mu_gehenna_hellfire,
          sprint_mu_dis_giant, sprint_mu_tartarus_statrot,
          sprint_mu_cocytus_islands, sprint_mu_zot1]

Skill      XL: |  1  2  3  4  5  6  7  8  9 10 11 |
---------------+----------------------------------+-----
Earth Magic    | 5 6 7 9 11 12 14 15 16 | 16.8
Dodging        | 3 4 5 6 7 |  7.1
Spellcasting   | 4 6 7 10 13 16 18 20 21 | 21.8
Stealth        | 4 5 6 |  6.7
Transmutations | 2 3 |  3.8
Conjurations   | 2 5 7 9 |  9.2
Fighting       | 1 |  1.4
Evocations     | 1 |  1.7

Action                   |  1- 3 |  4- 6 |  7- 9 | 10-12 || total
-------------------------+-------+-------+-------+-------++-------
Melee: Short sword       |       |       |       |     2 ||     2
 Cast: Sandblast         |    19 |    17 |     5 |     8 ||    49
       Passwall          |     1 |       |       |       ||     1
       Stone Arrow       |       |     2 |    40 |   115 ||   157
       Petrify           |       |       |       |     4 ||     4
Evoke: Tin of tremorston |       |       |       |     4 ||     4
  Use: Potion            |     3 |     2 |     1 |     3 ||     9
       Scroll            |       |       |     3 |       ||     3
Armor: Robe              |     1 |       |     1 |     2 ||     4
Dodge: Dodged            |    10 |       |    14 |    60 ||    84

Table legend: (Time is in decaauts)
 A = Elapsed time spent in this place.
 B = Non-inter-level travel time spent in this place.
 C = Inter-level travel time spent in this place.
 D = Time resting spent in this place.
 E = Time spent auto-exploring this place.
 F = Levels seen in this place.
 G = Mean time per level.
                   A        B        C        D        E       F      G
               +--------+--------+--------+--------+--------+-----+--------+
         Total |   3199 |   3171 |     28 |   2102 |     34 |   1 | 3199.0 |
       Dungeon |   3199 |   3171 |     28 |   2102 |     34 |   1 | 3199.0 |
               +--------+--------+--------+--------+--------+-----+--------+

Top non-repeatable levels by time:
       D: 3199 daAuts
